 Dungeon Crawl Stone Soup version 0.31-a0-7-g5178367 (webtiles) character file.

Game seed: 2669120904641844907

888 Nithhogg the Chopper (level 8, -2/71 HPs)
             Began as a Hill Orc Fighter on May 5, 2023.
             Slain by a gnoll bouda
             ... wielding a +0 club
              (8 damage)
             ... on level 5 of the Dungeon.
             The game lasted 00:06:29 (3861 turns).

Nithhogg the Chopper (Hill Orc Fighter)             Turns: 3861, Time: 00:06:30

Health: -2/71      AC:  7    Str: 21    XL:     8   Next: 6%
Magic:  0/12       EV:  9    Int:  8    God:
Gold:   244        SH:  0    Dex: 10    Spells: 7/7 levels left

rFire   . . .        a - +0 war axe (vamp)
rCold   . . .        (no shield)
rNeg    . . .        b - +0 scale mail
rPois   .            (no helmet)
rElec   .            l - scarf {+Inv}
rCorr   .            (no gloves)
SInv    .            (no boots)
Will    .....        h - amulet of guardian spirit Stlth
                     (no ring)
HPRegen 0.31/turn    (no ring)
MPRegen 0.13/turn

%: guardian spirit
@: no status effects
A: no striking features
a: Evoke Invisibility


You were on level 5 of the Dungeon.
You visited 1 branch of the dungeon, and saw 5 of its levels.

You collected 244 gold pieces.

Inventory:

Hand Weapons
 a - a +0 vampiric war axe (weapon)
 m - a +0 shortbow of electrocution
Armour
 b - a +0 scale mail (worn)
 c - a +0 buckler
 l - a scarf of invisibility (worn)
Jewellery
 h - an amulet of guardian spirit (around neck)
Scrolls
 d - 3 scrolls of vulnerability
 e - 2 scrolls of fog
 k - a scroll of enchant armour
 o - a scroll of enchant weapon {unknown}
Potions
 f - a potion of resistance
 g - 2 potions of curing
 i - a potion of haste {unknown}
 j - a potion of attraction


   Skills:
 + Level 6.4 Fighting
 + Level 6.4 Axes
 + Level 5.8 Armour
 - Level 3.2 Shields
 + Level 5.5 Invocations


You had 7 spell levels left.
You didn't know any spells.
Your spell library contained the following spells:

 Spells                   Type           Power      Damage    Failure   Level
 Freeze                   Ice            0%         1d3       73%         1
 Slow                     Hex            0%         N/A       73%         1
 Confusing Touch          Hex            0%         N/A       97%         3
 Frozen Ramparts          Ice            0%         1d1       97%         3
 Hailstorm                Conj/Ice       0%         3d3       97%         3
 Inner Flame              Hex/Fire       0%         N/A       97%         3
 Vampiric Draining        Necr           0%         2d6       97%         3
 Yara's Violent Unravell  Hex/Tmut       0%         3d3       100%        5
 Enfeeble                 Hex            0%         N/A       100%        7


Dungeon Overview and Level Annotations

Branches:
Dungeon (5/15)
 Temple: D:4-7

Altars:
Gozag
Makhleb
Okawaru

Annotations:
D:3 1 runed translucent door


Message History

You barely miss the gnoll.
The gnoll is severely wounded.
You slash the gnoll!
You kill the gnoll!
You hit the gnoll but do no damage. The gnoll hits you but does no damage.
The gnoll hits you with a +0 flail.
You slash the gnoll!
You kill the gnoll!
You hit the gnoll but do no damage.
The gnoll hits you but does no damage. x2
The gnoll hits you from afar with a +0 spear.
There are monsters nearby!
You hit the gnoll bouda but do no damage.
You barely miss the gnoll. The gnoll hits you but does no damage.
The gnoll hits you from afar with a +0 spear.
The gnoll barely misses you. The gnoll hits you with a +0 flail!
You are too injured to fight recklessly!
You are too injured to fight recklessly!
The gnoll bouda hits you with a +0 club.
The gnoll closely misses you. The gnoll hits you with a +0 spear.
The gnoll hits you with a +0 flail.
* * * LOW HITPOINT WARNING * * *
As you read the scroll labelled MYSEUSTR XURUM, it crumbles to dust.
The scroll dissolves into smoke.
It was a scroll of fog.
The gnoll bouda barely misses you. The gnoll barely misses you.
The gnoll completely misses you. The gnoll hits you but does no damage.
The gnoll bouda attacks as you move away!
The gnoll bouda completely misses you. The gnoll attacks as you move away!
The gnoll closely misses you.
The gnoll hits you from afar with a +0 spear!
* * * LOW HITPOINT WARNING * * *
The gnoll hits you from afar with a +0 spear.
* * * LOW HITPOINT WARNING * * *
Things that are here:
a +0 club; a throwing net
As you read the scroll labelled ZUERES GALI, it crumbles to dust.
It is a scroll of brand weapon.
Your +0 war axe thirsts for the lives of mortals!
a - a +0 vampiric war axe (weapon)
The gnoll bouda hits you with a +0 club!
You die...

#............######
#.. #............#
#.. #####........#
.. ########........#
................#
....>...........+
........#...§§..#
...........§§§..+
..........§@§§§.##..
..........§ggg§.....
#......#..§§§g§..#..
#......#.##......#
......'. #......#
....(## #......# ...
#......# ## .......#
# .......# #. #.


You could see a gnoll bouda and 3 gnolls.

Vanquished Creatures
  The ghost of Caerwyn the Skirmisher, an amateur DEHu (D:3)
  A black bear (D:4)
  An ogre (D:5)
  2 centaurs (D:5)
  A scorpion (D:4)
  2 jellies
  A gnoll bouda (D:4)
  An iguana (D:5)
  5 adders
  15 gnolls
  A white imp (D:5)
  2 ufetubi
  2 worms
  2 dart slugs
  An orc (D:4)
  13 ball pythons
  7 endoplasms
  3 giant cockroaches (D:1)
  4 goblins
  7 hobgoblins
  4 jackals (D:2)
  8 kobolds
  2 quokkas
  3 bats
  2 frilled lizards (D:1)
  7 rats
98 creatures vanquished.

Notes
Turn   | Place    | Note
-------+----------+-------------------------------------------
     0 | D:1      | Nithhogg the Hill Orc Fighter began the quest for the Orb.
     0 | D:1      | Reached XP level 1. HP: 19/19 MP: 1/1
   111 | D:1      | You fall into a shaft and drop 1 floor!
   145 | D:2      | Reached XP level 2. HP: 26/27 MP: 2/2
   148 | D:2      | Reached skill level 1 in Invocations
   379 | D:1      | Reached XP level 3. HP: 33/33 MP: 2/4
   837 | D:1      | Reached XP level 4. HP: 27/40 MP: 3/5
  1061 | D:2      | Reached XP level 5. HP: 23/47 MP: 3/7
  1730 | D:3      | Found a burning altar of Makhleb.
  1735 | D:3      | Found an opulent altar of Gozag.
  1843 | D:3      | Found a runed translucent door.
  1843 | D:3      | Noticed Caerwyn's ghost (amateur DEHu)
  1861 | D:3      | Killed Caerwyn's ghost
  1862 | D:3      | Reached skill level 5 in Fighting
  1862 | D:3      | Reached XP level 6. HP: 35/56 MP: 6/8
  1866 | D:3      | Found a runed translucent door.
  2134 | D:3      | Found an iron altar of Okawaru.
  2567 | D:4      | Reached skill level 5 in Axes
  2998 | D:4      | Reached skill level 5 in Armour
  3016 | D:4      | Reached XP level 7. HP: 55/61 MP: 10/10
  3340 | D:5      | Entered Level 5 of the Dungeon
  3368 | D:5      | Reached skill level 5 in Invocations
  3800 | D:5      | Reached XP level 8. HP: 61/71 MP: 10/12
  3861 | D:5      | Slain by a gnoll bouda

Illustrated notes

Levels and vault maps discovered:
D:1:      dpeg_arrival_oval, layout_rooms, serial_park_tiny_1
D:2:      layout_loops_ring, minmay_fountain_box
D:3:      layout_basic, mainiacjoe_overflow_24_doors,
          mainiacjoe_overflow_big_doors, ebering_ghost_sewer_f,
          palyth_stone_intersect
D:4:      layout_rooms
D:5:      layout_basic, nicolae_stop_n_shop_1, dk_noncrumbling_3,
          chequers_arboretum

Skill      XL: |  1  2  3  4  5  6  7 |
---------------+----------------------+-----
Axes           | 3 4 5 6 |  6.4
Invocations    | 1 2 3 4 5 |  5.5
Fighting       | 4 5 6 |  6.4
Armour         | 4 5 |  5.8
Shields        | |  3.2

Action                     |  1- 3 |  4- 6 |  7- 9 || total
---------------------------+-------+-------+-------++-------
  Melee: War axe           |   118 |   132 |    74 ||   324
         Punch             |       |     4 |     1 ||     5
    Use: Scroll            |       |     5 |     3 ||     8
         Potion            |       |     4 |       ||     4
   Stab: Invisible         |       |     1 |     3 ||     4
 Armour: Scale mail        |    75 |    58 |    51 ||   184
  Dodge: Dodged            |    64 |    74 |    57 ||   195

Table legend: (Time is in decaauts)
 A = Elapsed time spent in this place.
 B = Non-inter-level travel time spent in this place.
 C = Inter-level travel time spent in this place.
 D = Time resting spent in this place.
 E = Time spent auto-exploring this place.
 F = Levels seen in this place.
 G = Mean time per level.
                   A        B        C        D        E       F      G
               +--------+--------+--------+--------+--------+-----+--------+
         Total |   3963 |   3837 |    126 |     47 |   3039 |   5 |  792.6 |
       Dungeon |   3963 |   3837 |    126 |     47 |   3039 |   5 |  792.6 |
               +--------+--------+--------+--------+--------+-----+--------+

Top non-repeatable levels by time:
     D:3: 939 daAuts
     D:2: 878 daAuts
     D:1: 819 daAuts
     D:4: 796 daAuts
     D:5: 529 daAuts
